 Dungeon Crawl Stone Soup version 0.29.1-15-g9cfb28693d (webtiles) character file.

Game seed: 478973065967297068

183 javelincjr the Magician (level 5, -1/38 HPs)
             Began as a Demonspawn Hedge Wizard on Apr 7, 2023.
             Was a Priest of Lugonu.
             Slain by Edmund
             ... wielding a +0 vorpal flail
              (4 damage)
             ... on level 4 of the Dungeon.
             The game lasted 00:10:15 (3989 turns).

javelincjr the Magician (Demonspawn Hedge Wizard)   Turns: 3989, Time: 00:10:15

Health: -1/38      AC:  4    Str: 12    XL:     5   Next: 35%
Magic:  6/10       EV: 12    Int: 16    God:    Lugonu [***...]
Gold:   177        SH:  0    Dex: 12    Spells: 8/11 levels left

rFire   . . .      SeeInvis .   p - +1 whip (venom)
rCold   . . .      Faith    .   u - orb {*Rage}
rNeg    . . .      Spirit   .   b - +0 robe
rPois   .          Reflect  .   c - +0 hat
rElec   .          Harm     .   C - scarf {shadows}
rCorr   .          Rampage  .   (no gloves)
Will    .....      Rage     20% (no boots)
Stlth   ++........              (no amulet)
HPRegen 0.12/turn               m - ring of wizardry
MPRegen 0.12/turn               (no ring)

@: on berserk cooldown, slowed, very slow
A: molten scales 1, spiny 2
a: Renounce Religion, Depart the Abyss, Bend Space, Banish


You were on level 4 of the Dungeon.
You worshipped Lugonu.
Lugonu was most pleased with you.
You visited 1 branch of the dungeon, and saw 4 of its levels.

You collected 177 gold pieces.

Inventory:

Hand Weapons
 a - a +0 dagger
 p - a +1 whip of venom (weapon)
 w - a +2 dagger of flaming
Armour
 b - a +0 robe (worn)
 c - a +0 hat (worn)
 u - an orb of wrath (worn)
 C - a scarf of shadows (worn)
Magical Staves
 x - a staff of death
Jewellery
 m - a ring of wizardry (left hand)
Wands
 B - a wand of charming (10)
Scrolls
 e - 4 scrolls of identify {unknown}
 f - 2 scrolls of immolation {unknown}
 h - 2 scrolls of magic mapping {unknown}
 i - a scroll of brand weapon {unknown}
 n - a scroll of teleportation {unknown}
 o - 2 scrolls of blinking {unknown}
 y - a scroll of amnesia {unknown}
 A - a scroll of poison {unknown}
 D - a scroll of vulnerability {unknown}
Potions
 d - a potion of magic
 g - 2 potions of degeneration {unknown}
 j - a potion of invisibility {unknown}
 k - 3 potions of attraction {unknown}
 l - 4 potions of curing {unknown}
 q - 2 potions of lignification {unknown}
 r - 2 potions of heal wounds {unknown}
 s - a potion of haste {unknown}
 t - a potion of brilliance {unknown}
 v - 2 potions of mutation {unknown}
 z - a potion of berserk rage {unknown}


   Skills:
 * Level 2.1 Fighting
 + Level 1.2 Armour
 + Level 2.4 Dodging
 - Level 1.7 Stealth
 * Level 3.7 Spellcasting
 + Level 1.8 Conjurations
 + Level 1.8 Summonings
 + Level 1.7 Translocations


You had 8 spell levels left.
You knew the following spells:

 Your Spells              Type           Power      Damage    Failure   Level
a - Magic Dart            Conj           32%        1d4       3%          1
b - Call Imp              Summ           8%         N/A       4%          2

Your spell library contained the following spells:

 Spells                   Type           Power      Damage    Failure   Level
 Searing Ray              Conj           16%        2d5       4%          2
 Blink                    Tloc           16%        N/A       5%          2
 Slow                     Hex            12%        N/A       7%          1
 Ensorcelled Hibernation  Hex/Ice        6%         N/A       11%         2
 Passwall                 Tmut/Erth      2%         N/A       11%         2
 Conjure Flame            Conj/Fire      5%         6-21      14%         3
 Mephitic Cloud           Conj/Pois/Air  4%         N/A       16%         3
 Swiftness                Air            3%         N/A       21%         3
 Fulminant Prism          Conj/Hex       2%         3d6       41%         4
 Summon Forest            Summ/Tloc      4%         N/A       65%         5
 Summon Mana Viper        Hex/Summ       5%         N/A       75%         5
 Summon Cactus Giant      Summ           4%         N/A       99%         6


Dungeon Overview and Level Annotations

Branches:
Dungeon (3/15)

Altars:
Ashenzari
Makhleb
Lugonu

Annotations:
D:4 Edmund


Innate Abilities, Weirdness & Mutations

You are partially covered in molten scales. (AC +2)
You are mostly covered in sharp spines.


Message History

You hit Edmund but do no damage.
Edmund is poisoned.
Edmund is struck by your spines. Edmund barely misses you.
You hit Edmund but do no damage.
Edmund is lightly wounded.
Edmund hits you with a +0 vorpal flail. Edmund barely misses you.
Casting: Magic Dart (safe; 3% risk of failure)
Confirm with . or Enter, or press ? or * to list all spells.
A beastly little devil appears in a puff of flame.
Edmund hits you with a +0 vorpal flail!
You barely miss Edmund.
Edmund is lightly wounded.
Edmund hits you with a +0 vorpal flail.
Your crimson imp hits Edmund but does no damage.
Edmund is struck by your spines. Edmund hits you with a +0 vorpal flail!
* * * LOW HITPOINT WARNING * * *
x2 You hit Edmund.
Edmund is moderately wounded.
Your crimson imp blinks!
Edmund hits you with a +0 vorpal flail.
* * * LOW HITPOINT WARNING * * *
x2 Edmund says, "I'm quite good with sums, too."
Edmund is struck by your spines. Edmund hits you with a +0 vorpal flail.
* * * LOW HITPOINT WARNING * * *
x2
Found 10 gold pieces.
Your crimson imp blinks!
Edmund closely misses you.
Edmund looks more healthy.
Your crimson imp hits Edmund.
Edmund hits your crimson imp with a +0 vorpal flail.
Your crimson imp closely misses Edmund.
Edmund hits your crimson imp with a +0 vorpal flail!
Your crimson imp dies!
Your crimson imp disappears in a puff of smoke!
Edmund shouts!
Casting: Call Imp (safe; 4% risk of failure)
Confirm with . or Enter, or press ? or * to list all spells.
A beastly little devil appears in a puff of flame.
You swap places.
Your crimson imp hits Edmund but does no damage.
Edmund hits you with a +0 vorpal flail.
You die...

###### #.....########
##............#
...>.>.....$..#
#............#
#............#
#..).........# ###
###.#..5.....# ##.##
##.....@@....# ##...###
####....#.......####......#
.......##.................#
.#...#.#####.....######...#
...###†# ####....#⌠...##..#
...###.###....8'8#.._..#.##
.............(#.######.#.#
.....)##..##..#..'.....#.#
.###.# #.####.#..'.....#.#


You could see Edmund (ally target) and a friendly crimson imp (summoned).

Vanquished Creatures
  Natasha (D:3)
  An orc wizard (D:3)
  4 adders
  3 worms
  4 dart slugs
  2 orcs (D:3)
  4 endoplasms
  5 giant cockroaches
  8 goblins
  5 hobgoblins
  6 jackals
  2 kobolds
  4 quokkas
  5 ball pythons
  8 bats
  5 frilled lizards
  7 rats
74 creatures vanquished.

Vanquished Creatures (collateral kills)
  An orc (D:3)
  A goblin (D:3)
  A bat (D:3)
3 creatures vanquished.

Vanquished Creatures (others)
  5 plants (D:3)
5 creatures vanquished.

Grand Total: 82 creatures vanquished

Notes
Turn   | Place    | Note
-------+----------+-------------------------------------------
     0 | D:1      | javelincjr the Demonspawn Hedge Wizard began the quest for
                  | the Orb.
     0 | D:1      | Reached XP level 1. HP: 13/13 MP: 4/4
   196 | D:1      | Reached skill level 1 in Translocations
   288 | D:1      | Gained mutation: You are partially covered in sharp spines.
                  | [demonic ancestry]
   288 | D:1      | Reached XP level 2. HP: 20/20 MP: 3/6
   650 | D:1      | Found a faded altar of an unknown god.
   658 | D:1      | Prayed at the altar of an unknown god.
   658 | D:1      | Became a worshipper of Lugonu the Unformed
   658 | D:1      | Reached * piety under Lugonu
   658 | D:1      | Reached ** piety under Lugonu
  1106 | D:1      | Reached skill level 1 in Fighting
  1557 | D:2      | Reached XP level 3. HP: 18/26 MP: 2/7
  2687 | D:2      | Learned a level 2 spell: Call Imp
  2747 | D:2      | Gained mutation: You are mostly covered in sharp spines.
                  | [demonic ancestry]
  2747 | D:2      | Reached XP level 4. HP: 25/32 MP: 3/9
  3150 | D:3      | Reached skill level 1 in Armour
  3406 | D:3      | Gained mutation: You are partially covered in molten
                  | scales. (AC +2) [demonic ancestry]
  3406 | D:3      | Reached XP level 5. HP: 38/38 MP: 1/10
  3602 | D:3      | Reached *** piety under Lugonu
  3796 | D:3      | Noticed Natasha
  3801 | D:3      | Killed Natasha
  3841 | D:3      | You fall into a shaft and drop 1 floor!
  3842 | D:4      | Found a large runed translucent door.
  3843 | D:4      | Found a large runed translucent door.
  3897 | D:4      | Found a burning altar of Makhleb.
  3911 | D:4      | Found a broken altar of Ashenzari.
  3976 | D:4      | Noticed Edmund
  3989 | D:4      | Slain by Edmund

Illustrated notes

Levels and vault maps discovered:
D:1:      minmay_arrival_hallway, layout_loops_ring, basic_ecumenical_altar,
          grunt_decor_mini_mirrors, minmay_unequal
D:2:      layout_loops_cross
D:3:      layout_rooms, nicolae_elyvilon_temple_path,
          nicolae_overflow_crystal_walls, uniq_natasha
D:4:      layout_rooms, jmf_multi_god_temple2, uniq_edmund, uniq_sigmund

Skill      XL: |  1  2  3  4  5 |
---------------+----------------+-----
Translocations | 1 |  1.7
Dodging        | 2 |  2.4
Fighting       | 1 2 |  2.1
Armour         | 1 |  1.2
Stealth        | |  1.7
Spellcasting   | |  3.7
Conjurations   | |  1.8
Summonings     | |  1.8

Action                   |  1- 3 |  4- 6 || total
-------------------------+-------+-------++-------
Melee: Dagger            |    17 |       ||    17
       Whip              |    14 |    36 ||    50
 Cast: Magic Dart        |   105 |    42 ||   147
       Call Imp          |     1 |     4 ||     5
 Stab: Sleeping          |       |     1 ||     1
Armor: Robe              |     4 |     6 ||    10
Dodge: Dodged            |    23 |    21 ||    44
